 Dungeon Crawl Stone Soup version 0.25.0-15-gac7dcb8 (webtiles) character file.

Game seed: 6393686663545298067

8 Icepheonix32 the Gusty (level 2, -1/22 HPs)
             Began as a Tengu Air Elementalist on June 28, 2020.
             Slain by a ball python (2 damage)
             ... on level 2 of the Dungeon.
             The game lasted 00:01:34 (964 turns).

Icepheonix32 the Gusty (Tengu Air Elementalist)      Turns: 964, Time: 00:01:35

Health: -1/22      AC: 21    Str:  7 (8)  XL:     2   Next: 8%
Magic:  6/6        EV: -1    Int: 12 (15) God:
Gold:   18         SH:  0    Dex: 11 (14) Spells: 4/5 levels left

rFire    . . .     SeeInvis .   f - +0 hand axe
rCold    . . .     Gourm    .   (no shield)
rNeg     + + +     Faith    .   (armour currently unavailable)
rPois    +         Spirit   .   (helmet currently unavailable)
rElec    .         Reflect  .   (cloak currently unavailable)
rCorr    .         Harm     .   (gloves currently unavailable)
MR       .....     NoTele   +   (boots unavailable)
Stlth    ++........             (no amulet)
HPRegen  0.07/turn              (no ring)
MPRegen  0.10/turn              (no ring)

@: tree-form, constricted
A: no striking features
a: no special abilities


You were on level 2 of the Dungeon.
You were not hungry.
You were a tree.
You visited 1 branch of the dungeon, and saw 2 of its levels.

You collected 18 gold pieces.

Inventory:

Hand Weapons
 f - a +0 hand axe (weapon)
Missiles
 h - 32 poisoned darts (quivered)
Armour
 a - a +0 robe (melded)
Jewellery
 j - an uncursed ring of see invisible {unknown}
Scrolls
 e - 3 scrolls of identify {unknown}
 g - a scroll of enchant armour {unknown}
Potions
 d - a potion of magic {unknown}
 k - a potion of heal wounds {unknown}
Comestibles
 c - 3 rations


   Skills:
 + Level 2.2 Dodging
 - Level 2.0 Stealth
 * Level 2.3 Spellcasting
 + Level 1.3 Conjurations
 * Level 4.3 Air Magic


You had 4 spell levels left.
You knew the following spells:

 Your Spells              Type           Power        Failure   Level  Hunger
a - Shock                 Conj/Air       #...         9%          1    ##.....

Your spell library contained the following spells:

 Spells                   Type           Power        Failure   Level  Hunger
 Swiftness                Chrm/Air       #.......     16%         2    ###....
 Static Discharge         Conj/Air       #.......     24%         3    ####...
 Airstrike                Air            ##........   41%         4    #####..
 Lightning Bolt           Conj/Air       #.........   92%         5    ######.


Dungeon Overview and Level Annotations

Branches:
Dungeon (2/15)

Altars:

Annotations:
D:2 Natasha


Innate Abilities, Weirdness & Mutations

((You have a beak for a mouth.))
((You have claws for feet.))


Message History

Natasha barely misses you.
You hit Natasha. You claw Natasha.
Natasha is almost dead.
Natasha claws you.
* * * LOW HITPOINT WARNING * * *
Natasha stares at you and mumbles some strange words.
The magic dart hits you.
* * * LOW HITPOINT WARNING * * *
Unknown command.
Unknown command.
It was a potion of lignification.
You turn into a tree.
Your +0 robe melds into your body.
Your roots penetrate the ground.
The ball python bites you but does no damage.
The ball python grabs you. The ball python constricts you.
Natasha casts a spell.
It was a potion of degeneration.
There was something very wrong with that liquid.
You feel weakened.
You feel dopey.
You feel clumsy. The ball python bites you.
You die...

#.#.# #.#.#
#.#.#
#.#.#######
#.###.#<.......
#........######
#..##.##.#
####..##.##.###
.....5h♣S.....#
####...#.##.#.#
##....# .#.
#...... .# #
#.......#
..!.......
###.[.....##
#.... ..#


You could see Natasha, a crimson imp (summoned) and a ball python.

Vanquished Creatures
  2 bats (D:1)
  A giant cockroach (D:1)
  A goblin (D:1)
  A hobgoblin (D:1)
  2 frilled lizards (D:1)
7 creatures vanquished.

Notes
Turn   | Place    | Note
-------+----------+-------------------------------------------
     0 | D:1      | Icepheonix32 the Tengu Air Elementalist began the quest for
                  | the Orb.
     0 | D:1      | Reached XP level 1. HP: 10/10 MP: 4/4
   423 | D:1      | Reached XP level 2. HP: 4/15 MP: 1/6
   957 | D:2      | Noticed Natasha
   964 | D:2      | Noticed a crimson imp
   964 | D:2      | Slain by a ball python

Illustrated notes

Levels and vault maps discovered:
D:1:      dpeg_arrival_tiny_j, layout_basic, lemuel_flame_loot_1
D:2:      layout_loops_ring, mrwooster_statue_mirror, uniq_natasha

Action                   || total
-------------------------++-------
Melee: Hand axe          ||    11
       Kick              ||     2
 Cast: Shock             ||    13
  Use: Potion            ||     2
 Stab: Sleeping          ||     1
Armor: Robe              ||     1
       Skin              ||     1
Dodge: Dodged            ||     6
